 Dungeon Crawl Stone Soup version 0.28-a0-662-g1651b1f1e0 (webtiles) character file.

Game seed: 13586462355912670655

362 ytrimaz the Covert (level 6, -12/39 HPs)
             Began as an Octopode Brigand on Oct 14, 2021.
             Mangled by an iguana (14 damage)
             ... on level 5 of the Dungeon.
             The game lasted 00:06:55 (5641 turns).

ytrimaz the Covert (Octopode Brigand)               Turns: 5641, Time: 00:06:56

Health: -12/39     AC:  1    Str: 10    XL:     6   Next: 66%
Magic:  6/6        EV: 12    Int: 14    God:
Gold:   101        SH:  0    Dex: 15    Spells: 5/5 levels left

rFire   . . .      SeeInvis .   a - +2 dagger
rCold   . . .      Faith    .   (no shield)
rNeg    . . .      Spirit   .   (helmet restricted)
rPois   .          Reflect  .   (no amulet)
rElec   .          Harm     .   (no ring)
rCorr   .          Rampage  .   (no ring)
Will    .....                   (no ring)
Stlth   ++++++....              (no ring)
HPRegen 0.13/turn               (no ring)
MPRegen 0.10/turn               (no ring)
                                (no ring)
                                (no ring)

@: no status effects
A: almost no armour, amphibious, 8 rings, camouflage 1, gelatinous body 1,
(nimble swimmer 1), tentacles
a: no special abilities


You were on level 5 of the Dungeon.
You visited 1 branch of the dungeon, and saw 6 of its levels.

You collected 101 gold pieces.

Inventory:

Hand Weapons
 a - a +2 dagger (weapon)
Missiles
 b - 8 poisoned darts (quivered)
 c - 2 curare-tipped darts
Scrolls
 g - a scroll of enchant armour
 k - a scroll of vulnerability {unknown}
 l - a scroll of identify
Potions
 d - a potion of brilliance {unknown}
 e - 2 potions of curing {unknown}
 f - a potion of lignification {unknown}
 h - 4 potions of heal wounds
 i - a potion of berserk rage {unknown}
 m - a potion of haste {unknown}
 n - a potion of flight {unknown}


   Skills:
 - Level 2.0 Fighting
 - Level 2.0 Short Blades
 - Level 2.0 Throwing
 - Level 1.0 Dodging
 + Level 10.8 Stealth


You had 5 spell levels left.
You didn't know any spells.
Your spell library contained the following spells:

 Spells                   Type           Power      Damage    Failure   Level
 Pain                     Necr           0%         1d4       28%         1
 Blink                    Tloc           N/A        N/A       41%         2
 Conjure Flame            Conj/Fire      0%         6-21      65%         3
 Frozen Ramparts          Ice            0%         1d2       65%         3
 Ignite Poison            Fire/Tmut/Pois 0%         N/A       65%         3
 Lesser Beckoning         Tloc           0%         N/A       65%         3
 Ozocubu's Armour         Ice            0%         N/A       65%         3
 Ice Form                 Ice/Tmut       0%         N/A       96%         4
 Sticky Flame             Conj/Fire      0%         2d3       96%         4
 Summon Ice Beast         Ice/Summ       0%         N/A       96%         4
 Agony                    Necr           0%         N/A       100%        5
 Excruciating Wounds      Necr           0%         N/A       100%        5
 Manifold Assault         Tloc           0%         N/A       100%        5
 Dispersal                Tloc           0%         N/A       100%        6
 Ozocubu's Refrigeration  Ice            0%         4d5       100%        7
 Disjunction              Tloc           0%         N/A       100%        8


Dungeon Overview and Level Annotations

Branches:
Dungeon (6/15)
 Temple: D:4-7

Altars:
Cheibriados
Elyvilon
Gozag
Hepliaklqana

Annotations:
D:5 Sigmund


Innate Abilities, Weirdness & Mutations

You cannot wear most types of armour.
You are amphibious.
You can wear up to eight rings at the same time.
Your skin changes colour to match your surroundings (Stealth+).
Your rubbery body absorbs attacks. (AC +1, EV +1)
((You are camouflaged near water. (Stealth+)))
You have tentacles for arms and can constrict up to eight enemies at once.


Message History

The jelly is almost dead.
Sigmund says, "You will soon forget everything."
Sigmund mumbles some strange words.
Sigmund flickers and vanishes!
Deactivating autopickup; reactivate with Ctrl-A.
The jelly hits you. The acid corrodes you!
You are splashed with acid.
As you read the scroll labelled RESY BYESS, it crumbles to dust.
You feel strangely unstable.
It was a scroll of teleportation.
Something hits you!
* * * LOW HITPOINT WARNING * * *
The jelly closely misses you.
Unknown command.
The jelly completely misses you. Something barely misses you.
Your surroundings suddenly seem different.
Okay, then.
You start resting.
You are no longer corroded.
You start resting.
An iguana is nearby!
An iguana is nearby!
An iguana is nearby!
You start resting.
An iguana is nearby!
You closely miss the iguana.
The iguana hisses angrily.
You grab the iguana. Your squeeze misses the iguana. You constrict the iguana.
The iguana bites you.
You hit the iguana.
The iguana is moderately wounded.
You constrict the iguana. The iguana closely misses you.
You hit the iguana but do no damage.
The iguana is heavily wounded.
You constrict the iguana, but do no damage.
The iguana bites you!
* * * LOW HITPOINT WARNING * * *
You hit the iguana.
The iguana is severely wounded.
You constrict the iguana, but do no damage.
The iguana bites you!
You die...

.#####<.#.#.# .#
##...#.#
.#######.##.#### .#
............##....
#.#
.#.....#..####....
... ###...###.......#
#.# .#..#..#...##...#
... ... ##...#.#
#.###.# #.## ##..#.#
#.@...#
...###....#...###l###
.#..#..#..##..l...#
###...###.#....####
.#.....#...##.#
...###...#.##.##
#..#####.#.....####
)...###...........#
##...>.........##.#


You could see an iguana.

Vanquished Creatures
  A necrophage (D:2)
  A howler monkey (D:4)
  A bullfrog zombie (D:5)
  An orc priest (D:3)
  A hound zombie (D:5)
  Robin (D:2)
  4 adders
  A shadow imp (D:5)
  An adder skeleton (D:4)
  2 dart slugs
  3 orcs
  4 ball pythons
  5 bats
  11 endoplasms
  5 giant cockroaches
  14 hobgoblins
  2 kobolds
  6 quokkas
  A frilled lizard (D:1)
  24 goblins
  5 rats
94 creatures vanquished.

Vanquished Creatures (others)
  A plant (D:4)
1 creature vanquished.

Grand Total: 95 creatures vanquished

Notes
Turn   | Place    | Note
-------+----------+-------------------------------------------
     0 | D:1      | ytrimaz the Octopode Brigand began the quest for the Orb.
     0 | D:1      | Reached XP level 1. HP: 14/14 MP: 1/1
   360 | D:1      | Reached XP level 2. HP: 18/19 MP: 2/2
   433 | D:1      | Reached skill level 6 in Stealth
   741 | D:1      | Reached XP level 3. HP: 16/24 MP: 3/3
  1051 | D:1      | Found a faded altar of an unknown god.
  1066 | D:1      | Reached skill level 7 in Stealth
  1389 | D:2      | Noticed a necrophage
  1394 | D:2      | Killed a necrophage
  1395 | D:2      | Reached skill level 8 in Stealth
  1395 | D:2      | Reached XP level 4. HP: 29/29 MP: 4/4
  1395 | D:2      | Reached XP level 5. HP: 34/34 MP: 5/5
  1896 | D:2      | Reached skill level 9 in Stealth
  2323 | D:2      | Noticed Robin
  2935 | D:2      | Killed Robin
  3251 | D:3      | Reached XP level 6. HP: 39/39 MP: 6/6
  3416 | D:3      | Found an opulent altar of Gozag.
  3609 | D:3      | Reached skill level 10 in Stealth
  4266 | D:4      | Found a white marble altar of Elyvilon.
  4276 | D:4      | Found a hazy altar of Hepliaklqana.
  4535 | D:4      | Found a snail-covered altar of Cheibriados.
  5261 | D:5      | Entered Level 5 of the Dungeon
  5441 | D:5      | Noticed Sigmund
  5641 | D:5      | Mangled by an iguana

Illustrated notes

Levels and vault maps discovered:
D:1:      mrwooster_arrival_arrow, layout_basic,
          shapermc_ecumenical_altar_starsandcircs
D:2:      layout_basic, hex_medium, minmay_goblin_outpost, uniq_robin
D:3:      layout_rooms, mainiacjoe_overflow_alcove_4
D:4:      layout_cave_pods, mainiacjoe_overflow_cross_hatched,
          mainiacjoe_overflow_big_doors, minivault_24
D:5:      layout_loops_ring, minmay_temple_entry_statues_fountains,
          minmay_strange_pillars, hangedman_abyss_or_decor_stabs,
          grunt_decor_fettered, kennysheep_generic_room_10, uniq_sigmund
D:6:      layout_gridville, nicolae_wu_jian_glorious_leap, tso_metal_star

Skill      XL: |  1  2  3  4  5  6 |
---------------+-------------------+-----
Stealth        | 6 8 9 10 | 10.8
Fighting       | |  2.0
Short Blades   | |  2.0
Throwing       | |  2.0
Dodging        | |  1.0

Action                   |  1- 3 |  4- 6 || total
-------------------------+-------+-------++-------
Melee: Dagger            |    62 |   138 ||   200
       Constrict         |    14 |    40 ||    54
       Tentacles         |     6 |    28 ||    34
  Use: Scroll            |       |     9 ||     9
 Stab: Sleeping          |     6 |    12 ||    18
       Distracted        |       |     1 ||     1
Armor: Skin              |     4 |    22 ||    26
Dodge: Dodged            |    35 |    76 ||   111

Table legend: (Time is in decaauts)
 A = Elapsed time spent in this place.
 B = Non-inter-level travel time spent in this place.
 C = Inter-level travel time spent in this place.
 D = Time resting spent in this place.
 E = Time spent auto-exploring this place.
 F = Levels seen in this place.
 G = Mean time per level.
                   A        B        C        D        E       F      G
               +--------+--------+--------+--------+--------+-----+--------+
         Total |   5621 |   5511 |    110 |   1384 |   2989 |   6 |  936.8 |
       Dungeon |   5621 |   5511 |    110 |   1384 |   2989 |   6 |  936.8 |
               +--------+--------+--------+--------+--------+-----+--------+

Top non-repeatable levels by time:
     D:2: 1964 daAuts
     D:1: 1365 daAuts
     D:4: 1006 daAuts
     D:3: 905 daAuts
     D:5: 317 daAuts
     D:6: 60 daAuts
